AoeStats
← haris.hadziabdic

Hideout

507936121Analyzed
1v1 RM · 12d ago on Sep 20, 2026· 55m 59s· 2 players
Game mode
Random Map
Map size
Tiny (2 player)
Population
200
Speed
Normal
Resources
Standard
Victory
Conquest
Starting age
Dark Age
Ending age
Imperial Age
RankedLock teamsTeams togetherTeam positionsShared explorationLock speedFull tech treeHidden civsTurbo modeCheats
Victory
Defeat
🇺🇸 Teutons · United States
651
+19
🇪🇸 Chinese · Spain
724
-19
haris.hadziabdic
9:12 Loom
10:58 Feudal Age
16:14 Castle Age
14:16 Double-Bit Axe
19:06 Fervor
20:16 Sanctity
22:36 Wheelbarrow
22:17 Bow Saw
27:38 Wheelbarrow
26:49 Town Watch
27:09 Gold Mining
27:29 Stone Mining
29:23 Hand Cart
37:08 Imperial Age
36:25 Fortified Wall
36:37 Ballistics
36:40 Masonry
36:15 Horse Collar
37:51 Town Patrol
38:28 Crenellations
38:30 Conscription
38:04 Fletching
39:03 Bodkin Arrow
41:30 Chemistry
41:06 Scale Barding Armor
41:13 Forging
41:41 Hoardings
42:23 Siege Engineers
42:45 Bloodlines
49:59 Cavalier
51:01 Chain Barding Armor
51:17 Iron Casting
52:46 Plate Barding Armor
57:12 Blast Furnace
Falcata
12:00 Feudal Age
13:11 Double-Bit Axe
14:04 Wheelbarrow
18:35 Castle Age
19:55 Hand Cart
23:19 Bow Saw
23:02 Gold Mining
23:25 Stone Mining
25:21 Loom
25:23 Town Watch
27:23 Gold Shaft Mining
30:09 Stone Shaft Mining
29:20 Horse Collar
31:45 Town Patrol
31:28 Crossbowman
32:13 Thumb Ring
32:58 Masonry
33:12 Ballistics
35:59 Imperial Age
37:33 Imperial Age
37:02 Fletching
37:13 Padded Archer Armor
38:45 Conscription
38:48 Rocketry
37:49 Elite Chu Ko Nu
40:58 Arbalester
44:25 Chemistry
43:58 Architecture
43:19 Heated Shot
51:30 Squires
51:01 Man-at-Arms
51:54 Long Swordsman
52:51 Forging
52:41 Scale Mail Armor
52:32 Arson
52:56 Two-Handed Swordsman
Connection lost

Rejoining the realm…

Still unreachable

The connection could not be restored.

Session expired

The server has moved on; the page needs a fresh start.